 Dungeon Crawl Stone Soup version 0.30-a0-39-g42789b21ef (webtiles) character file.

Game seed: 2160621889244733766

5 drugrobin the Sneak (level 1, 0/19 HPs)
             Began as a Demigod Delver on Aug 29, 2022.
             Succumbed to a water moccasin's poison
             ... on level 2 of the Dungeon.
             The game lasted 00:01:01 (398 turns).

drugrobin the Sneak (Demigod Delver)                 Turns: 398, Time: 00:01:02

Health: 0/19       AC:  3    Str: 13    XL:     1   Next: 53%
Magic:  3/3        EV: 11    Int: 12    God:
Gold:   7          SH:  0    Dex: 15    Spells: 0/0 levels left

rFire   . . .      SeeInvis .    a - +0 short sword
rCold   . . .      Faith    .    (no shield)
rNeg    . . .      Spirit   .    b - +0 leather armour
rPois   .          Reflect  .    (no helmet)
rElec   .          Harm     .    (no cloak)
rCorr   .          Rampage  .    (no gloves)
Will    .....                    (no boots)
Stlth   +++.......               (no amulet)
HPRegen 0.06/turn                (no ring)
MPRegen 0.08/turn                (no ring)

@: lethally poisoned (0 -> -7), hasted, very quick
A: high MP 1, forlorn, divine attributes
a: no special abilities


You were on level 2 of the Dungeon.
You visited 1 branch of the dungeon, and saw 4 of its levels.

You collected 7 gold pieces.

Inventory:

Hand Weapons
 a - a +0 short sword (weapon)
Missiles
 h - 2 stones (quivered)
Armour
 b - a +0 leather armour (worn)
Wands
 g - a wand of digging (3)
Scrolls
 c - a scroll of fog


   Skills:
 + Level 3.1 Fighting
 - Level 1.7 Short Blades
 - Level 1.7 Dodging
 - Level 4.5 Stealth


You couldn't memorise any spells.
You didn't know any spells.
Your spell library was empty.

Dungeon Overview and Level Annotations

Branches:
Dungeon (5/15)
 Temple: D:4-7


Innate Abilities, Weirdness & Mutations

You have an increased reservoir of magic. (+10% MP)
You shall have no god before yourself.
Your divine heritage dramatically boosts your attributes as you level up.


Message History

A water moccasin comes into view.
Found an escape hatch in the ceiling.
The water moccasin hisses angrily.
An orc comes into view. It is wielding a +0 hand axe.
Found a scroll labelled LILUMEPH TATI.
Found a stone staircase leading up.
There is a stone staircase leading up here.
The water moccasin bites you but does no damage.
You climb upwards.
There is a stone staircase leading down here.
The hobgoblin shouts!
Unknown command.
Unknown command.
There is a stone staircase leading down here.
The water moccasin bites you but does no damage.
Found a stone staircase leading up.
There is a stone staircase leading up here.
The water moccasin bites you.
You climb upwards.
Found an escape hatch in the ceiling.
There is a stone staircase leading down here.
There is an escape hatch in the ceiling here.
The water moccasin bites you.
* * * LOW HITPOINT WARNING * * *
You are lethally poisoned!
The water moccasin poisons you! A mysterious force pulls you upwards.
The hatch slams shut behind you.
* * * LOW HITPOINT WARNING * * *
You feel sick.
Found a robe.
Unknown command.
As you read the scroll of fear, it crumbles to dust.
You assume a fearsome visage.
The water moccasin looks frightened!
* * * LOW HITPOINT WARNING * * *
You feel sick.
Unknown command.
You aren't carrying any potions.
* * * LOW HITPOINT WARNING * * *
You feel sick.
You die...

#
#####.##.#
#..@.....#
#........#
#........#
#S.......#
#.....[..#
########.#
.# #


You could see a water moccasin (fleeing).

Vanquished Creatures
  2 orcs (D:5)
  A jackal (D:5)
3 creatures vanquished.

Vanquished Creatures (others)
  A fungus (D:4)
1 creature vanquished.

Grand Total: 4 creatures vanquished

Notes
Turn   | Place    | Note
-------+----------+-------------------------------------------
     0 | D:5      | drugrobin the Demigod Delver began the quest for the Orb.
     0 | D:5      | Reached XP level 1. HP: 18/18 MP: 3/3
   338 | D:5      | Noticed an orc wizard
   338 | D:5      | Noticed an orc priest
   370 | D:5      | Noticed a water moccasin
   398 | D:2      | Succumbed to a water moccasin's poison

Illustrated notes

Levels and vault maps discovered:
D:2:      layout_basic
D:3:      layout_basic, mainiacjoe_overflow_small_starburst, uniq_grinder
D:4:      layout_loops_ring, makhleb_blood_cavern_becter,
          minmay_temple_entry_large_hall, serial_aquarium,
          aquarium_bridge_island_small [aquarium_subvault_small_open,
          aquarium_subvault_window, aquarium_subvault_bridge,
          aquarium_subvault_wall, aquarium_subvault_window],
          aquarium_window_fake, aquarium_window_3, aquarium_view_2b,
          aquarium_view_2a, aquarium_pool_four, corexii_shack
D:5:      layout_basic, uniq_eustachio

Skill      XL: |  1 |
---------------+----+-----
Fighting       | 3 |  3.1
Short Blades   | |  1.7
Dodging        | |  1.7
Stealth        | |  4.5

Action                   || total
-------------------------++-------
Melee: Short sword       ||    13
  Use: Scroll            ||     2
       Potion            ||     1
Armor: Leather armour    ||     5
Dodge: Dodged            ||     8

Table legend: (Time is in decaauts)
 A = Elapsed time spent in this place.
 B = Non-inter-level travel time spent in this place.
 C = Inter-level travel time spent in this place.
 D = Time resting spent in this place.
 E = Time spent auto-exploring this place.
 F = Levels seen in this place.
 G = Mean time per level.
                   A        B        C        D        E       F      G
               +--------+--------+--------+--------+--------+-----+--------+
         Total |    386 |    386 |      0 |    199 |     94 |   4 |   96.5 |
       Dungeon |    386 |    386 |      0 |    199 |     94 |   4 |   96.5 |
               +--------+--------+--------+--------+--------+-----+--------+

Top non-repeatable levels by time:
     D:5: 375 daAuts
     D:4: 5 daAuts
     D:3: 3 daAuts
     D:2: 1 daAuts
